 Dungeon Crawl Stone Soup version 0.21.1-1-g345015f (webtiles) character file.

1507 grindst0ne the Fighter (level 9, 0/81 HPs)
             Began as a Formicid Hunter on Mar 1, 2018.
             Was a Believer of Okawaru.
             Slain by a black bear (4 damage)
             ... on level 6 of the Dungeon.
             The game lasted 00:09:47 (6128 turns).

grindst0ne the Fighter (Formicid Hunter)            Turns: 6128, Time: 00:09:48

Health: 0/81       AC: 11    Str: 19    XL:     9   Next: 9%
Magic:  11/11      EV:  5    Int: 12    God:    Okawaru [**....]
Gold:   162        SH:  0    Dex: 11    Spells: 8/8 levels left

rFire    . . .     SeeInvis +   h - +0 hand axe (chop)
rCold    . . .     Gourm    +   (no shield)
rNeg     . . .     Faith    .   x - +0 plate armour
rPois    +         Spirit   .   (helmet unavailable)
rElec    .         Reflect  .   (no cloak)
rCorr    .         Harm     .   g - +0 pair of gloves
MR       .....                  (no boots)
Stlth    ..........             m - amulet of the gourmand
HPRegen  0.23/turn              e - ring of poison resistance
MPRegen  0.12/turn              (no ring)

@: heavily drained
A: permanent stasis, dig shafts and tunnels, four strong arms, antennae 3
a: Dig, Shaft Self, Heroism, Renounce Religion


You were on level 6 of the Dungeon.
You worshipped Okawaru.
Okawaru was pleased with you.
You were full.

You visited 1 branch of the dungeon, and saw 6 of its levels.

You collected 348 gold pieces.
You spent 186 gold pieces at shops.

Inventory:

Hand Weapons
 h - a +0 hand axe of chopping (weapon)
 B - a +2 morningstar of protection
Missiles
 c - 2 javelins (quivered)
 d - a throwing net
Armour
 g - a +0 pair of gloves (worn)
 x - a +0 plate armour (worn)
Jewellery
 e - a ring of poison resistance (left hand)
 m - an amulet of the gourmand (around neck)
Scrolls
 b - 2 scrolls of enchant armour
 i - 3 scrolls of remove curse
 k - 3 scrolls of magic mapping {unknown}
 o - a scroll of amnesia {unknown}
 p - a scroll of immolation {unknown}
 q - 4 scrolls of enchant weapon
 r - 2 scrolls of identify
 t - 2 scrolls of teleportation
 w - a scroll of random uselessness
 A - a scroll of fog {unknown}
Potions
 a - 2 potions of might
 j - a potion of heal wounds {unknown}
 l - 2 potions of haste
 s - a potion of degeneration
 u - a potion of agility
 v - 2 potions of brilliance
 z - a potion of flight {unknown}
Books
 y - a book of Maledictions

   Spells                             Type                      Level
   a - Corona                         Hexes                        1
   b - Ensorcelled Hibernation        Hexes/Ice                    2
   c - Confuse                        Hexes                        3
   d - Tukima's Dance                 Hexes                        3
   e - Dazzling Spray                 Conjuration/Hexes            3
Comestibles
 f - 10 rations
 C - 5 chunks of flesh


   Skills:
 - Level 11.1(9.4) Fighting
 - Level 4.0(2.5) Throwing
 + Level 2.4(1.1) Armour
 - Level 1.7(0.4) Dodging
 - Level 1.2(0.0) Stealth
 + Level 2.7(1.3) Invocations


You had 8 spell levels left.
You didn't know any spells.

Dungeon Overview and Level Annotations

Branches:
Dungeon (6/15)
 Temple: D:4-7

Altars:
Ashenzari
Cheibriados
Okawaru
Qazlal
Ru
Trog

Shops:
D:4 ?


Innate Abilities, Weirdness & Mutations

You cannot be hasted, slowed, berserked, paralysed or teleported.
You can dig through walls and to a lower floor.
Your four strong arms can wield two-handed weapons with a shield.
You have a pair of large antennae on your head. (SInv)


Message History

The black bear bites you but does no damage.
The black bear claws you.
* * * LOW HITPOINT WARNING * * *
The black bear claws you but does no damage.
The black bear bites you but does no damage.
The black bear claws you but does no damage. x2
You closely miss the black bear.
The black bear is almost dead.
The black bear barely misses you. The black bear claws you.
* * * LOW HITPOINT WARNING * * *
The black bear completely misses you. The black bear bites you.
* * * LOW HITPOINT WARNING * * *
The black bear barely misses you. The black bear claws you.
* * * LOW HITPOINT WARNING * * *
You feel better. The black bear bites you!
* * * LOW HITPOINT WARNING * * *
The black bear barely misses you.
The black bear claws you but does no damage.
The black bear bites you.
You die...

#[..#.##.###.#
#.# ......
##)##.# #.#
##.### #.###.#
#.#### # ###
#.# #....# #.#
####.# #.# #.#
#.# .. #.# #.#
### #. #.# #.#
#@## #. #.#
#.# ##h# #.
#.# ##.###.##
#. #.#
#####...#.##
#. #.#
......h...#
###.##<#
.####.....#
#....(.#
.............#
#.#.####
.##.####{.##.#
#. #. #r.# .#
#.


You could see a black bear (berserk).

Vanquished Creatures
  Grinder (D:4)
  A hornet zombie (D:6)
  A phantom (D:4)
  An ogre (D:4)
  A centaur (D:5)
  A bullfrog (D:6)
  A wyvern zombie (D:6)
  2 scorpions
  A howler monkey (D:4)
  2 crimson imps (D:5)
  A bullfrog zombie (D:4)
  A jelly (D:5)
  An orc priest (D:5)
  5 orc wizards
  Jessica (D:2)
  Natasha (thrice) (D:2)
  A worker ant (D:4)
  2 howler monkey skeletons
  4 gnolls (D:3)
  5 adders
  2 oozes
  An adder zombie (D:5)
  2 worms
  3 dart slugs
  2 leopard geckos
  27 orcs
  2 ball pythons
  5 giant cockroaches
  9 goblins
  15 hobgoblins
  11 jackals
  11 kobolds
  2 quokkas
  9 bats
  8 frilled lizards
  13 rats
158 creatures vanquished.

Vanquished Creatures (others)
  An orc wizard (D:4)
1 creature vanquished.

Grand Total: 159 creatures vanquished

Notes
Turn   | Place    | Note
-------+----------+-------------------------------------------
     0 | D:1      | grindst0ne the Formicid Hunter began the quest for the Orb.
     0 | D:1      | Reached XP level 1. HP: 16/16 MP: 1/1
   242 | D:1      | Reached XP level 2. HP: 16/23 MP: 2/2
   250 | D:1      | Reached skill level 3 in Fighting
   898 | D:1      | Reached XP level 3. HP: 16/29 MP: 3/3
  1178 | D:2      | Reached skill level 4 in Fighting
  1290 | D:2      | Reached XP level 4. HP: 38/38 MP: 4/4
  1555 | D:2      | Noticed Natasha
  1584 | D:2      | Killed Natasha
  1584 | D:2      | Reached skill level 5 in Fighting
  1756 | D:2      | Reached XP level 5. HP: 44/44 MP: 5/5
  1877 | D:2      | Noticed Natasha
  1885 | D:2      | Killed Natasha
  1924 | D:2      | Noticed Jessica
  1930 | D:2      | Killed Jessica
  1930 | D:2      | Reached skill level 6 in Fighting
  1984 | D:2      | Noticed Natasha
  2000 | D:2      | Killed Natasha
  2250 | D:3      | Reached XP level 6. HP: 49/53 MP: 6/6
  2265 | D:3      | Found an iron altar of Okawaru.
  2276 | D:3      | Became a worshipper of Warmaster Okawaru
  2666 | D:3      | Reached skill level 7 in Fighting
  3044 | D:3      | Found a snail-covered altar of Cheibriados.
  3260 | D:4      | Noticed an ogre
  3263 | D:4      | Killed an ogre
  3263 | D:4      | Reached XP level 7. HP: 61/61 MP: 7/7
  3303 | D:4      | Found Huakuem's Magic Scroll Boutique.
  3310 | D:4      | Bought a scroll of enchant armour for 82 gold pieces
  3310 | D:4      | Bought a scroll of enchant weapon for 82 gold pieces
  3310 | D:4      | Bought a scroll of identify for 22 gold pieces
  3362 | D:4      | Reached skill level 8 in Fighting
  3433 | D:4      | Found a stormy altar of Qazlal.
  3471 | D:4      | Noticed Grinder
  3527 | D:4      | Killed Grinder
  3527 | D:4      | Reached * piety under Okawaru
  3527 | D:4      | Reached skill level 9 in Fighting
  3527 | D:4      | Reached XP level 8. HP: 27/71 MP: 8/8
  4011 | D:4      | Reached skill level 10 in Fighting
  4223 | D:4      | Found a shattered altar of Ashenzari.
  4474 | D:5      | Entered Level 5 of the Dungeon
  4990 | D:5      | Found a sacrificial altar of Ru.
  5007 | D:5      | Found a bloodstained altar of Trog.
  5050 | D:5      | Reached ** piety under Okawaru
  5632 | D:5      | Reached skill level 11 in Fighting
  5807 | D:6      | Reached skill level 1 in Armour
  5807 | D:6      | Reached skill level 1 in Invocations
  5823 | D:6      | Reached XP level 9. HP: 42/81 MP: 10/10
  6128 | D:6      | HP: 4/81 [black bear (10)]
  6128 | D:6      | Slain by a black bear

Skill      XL: |  1  2  3  4  5  6  7  8 |
---------------+-------------------------+-----
Fighting       | 3 4 5 6 7 9 11 | 11.1
Armour         | 2 |  2.4
Invocations    | 2 |  2.7
Throwing       | |  4.0
Dodging        | |  1.7
Stealth        | |  1.2

Action                   |  1- 3 |  4- 6 |  7- 9 || total
-------------------------+-------+-------+-------++-------
Melee: Short sword       |    11 |       |       ||    11
       Hand axe          |   115 |   242 |   342 ||   699
       Morningstar       |       |       |    31 ||    31
Throw: Javelin           |     9 |     4 |     8 ||    21
       Throwing net      |       |       |     4 ||     4
 Abil: Dig               |       |     5 |    10 ||    15
  Use: Scroll            |       |     6 |     3 ||     9
       Potion            |       |     1 |     2 ||     3
 Stab: Sleeping          |     2 |       |       ||     2
       Paralysed         |       |       |     1 ||     1
  Eat: Chunk             |     8 |    13 |     8 ||    29
Armor: Leather armour    |    62 |       |       ||    62
       Chain mail        |     6 |   132 |   152 ||   290
       Skin              |       |    21 |       ||    21
       Plate armour      |       |       |   135 ||   135
Dodge: Dodged            |   112 |    93 |   136 ||   341
